 Dungeon Crawl Stone Soup version 0.27-a0-1595-g0b823d0a13 (webtiles) character file.

Game seed: 10511657360142259266

589 zazu2006 the Magician (level 7, -10/57 HPs)
             Began as a Naga Hedge Wizard on July 20, 2021.
             Mangled by an ogre (19 damage)
             ... on level 4 of the Dungeon.
             The game lasted 00:11:24 (5971 turns).

zazu2006 the Magician (Naga Hedge Wizard)           Turns: 5971, Time: 00:11:25

Health: -10/57     AC:  3    Str: 12    XL:     7   Next: 38%
Magic:  1/15       EV:  9    Int: 16    God:
Gold:   209        SH:  3    Dex: 11    Spells: 8/17 levels left

rFire    . . .     SeeInvis +   k - +2 dagger (holy)
rCold    . . .     Faith    .   t - +0 buckler
rNeg     . . .     Spirit   .   b - +0 robe
rPois    +         Reflect  .   c - +0 hat
rElec    .         Harm     .   (no cloak)
rCorr    .         Rampage  .   (no gloves)
Will     .....                  (no barding)
Stlth    ++........             j - amulet of regeneration
HPRegen  1.19/turn              (no ring)
MPRegen  0.14/turn              (no ring)

@: lethally poisoned (-10 -> -11), slowed, very slow
A: AC +2, large, see invisible, deformed body, poison resistance, slowness 2,
spit poison 1, naga tail 1
a: Spit Poison


You were on level 4 of the Dungeon.
You visited 1 branch of the dungeon, and saw 6 of its levels.

You collected 209 gold pieces.

Inventory:

Hand Weapons
 k - a +2 dagger of holy wrath (weapon)
Missiles
 h - 7 boomerangs of dispersal
Armour
 b - a +0 robe (worn)
 c - a +0 hat (worn)
 t - a +0 buckler (worn)
Jewellery
 j - an amulet of regeneration (around neck)
 u - an amulet of guardian spirit
Scrolls
 a - a scroll of fog {unknown}
 d - a scroll of amnesia {unknown}
 e - 2 scrolls of enchant weapon
 f - a scroll of brand weapon
 g - a scroll of torment
 m - a scroll of enchant armour {unknown}
 n - 3 scrolls of identify
 o - a scroll of fear {unknown}
 p - a scroll of summoning {unknown}
 q - a scroll of noise {unknown}
 r - a scroll of blinking {unknown}
 s - a scroll of teleportation {unknown}
Potions
 i - a potion of lignification
 l - a potion of ambrosia {unknown}
 v - a potion of berserk rage {unknown}


   Skills:
 + Level 1.0 Fighting
 + Level 1.9 Dodging
 + Level 4.1 Stealth
 * Level 0.8 Shields
 + Level 5.5 Spellcasting
 + Level 4.1 Conjurations
 + Level 1.0 Summonings
 + Level 1.0 Translocations
 + Level 0.1 Air Magic
 + Level 2.8 Poison Magic


You had 8 spell levels left.
You knew the following spells:

 Your Spells              Type           Power      Damage    Failure   Level
a - Magic Dart            Conj           68%        1d6       3%          1
b - Mephitic Cloud        Conj/Pois/Air  12%        N/A       22%         3
c - Conjure Flame         Conj/Fire      11%        6-21      26%         3
d - Blink                 Tloc           N/A        N/A       21%         2

Your spell library contained the following spells:

 Spells                   Type           Power      Damage    Failure   Level
 Call Imp                 Summ           7%         N/A       21%         2
 Slow                     Hex            4%         N/A       30%         2
 Gell's Gravitas          Tloc           3%         N/A       36%         3
 Lesser Beckoning         Tloc           3%         N/A       36%         3
 Teleport Other           Tloc           7%         N/A       36%         3
 Summon Ice Beast         Ice/Summ       6%         N/A       85%         4
 Summon Mana Viper        Hex/Summ       6%         N/A       99%         5
 Monstrous Menagerie      Summ           3%         N/A       100%        7


Dungeon Overview and Level Annotations

Branches:
Dungeon (6/15)
 Temple: D:4-7

Altars:
Nemelex Xobeh
Lugonu

Portals:
Abyss: D:3

Annotations:
D:3 2 runed translucent doors
D:4 Natasha


Innate Abilities, Weirdness & Mutations

Your serpentine skin is tough. (AC +2)
You have supernaturally acute eyesight. (SInv)
Armour fits poorly on your strangely shaped body.
Your system is resistant to poisons. (rPois)
You cover ground very slowly.
You can spit poison.
You have a snake-like lower body.


Message History

Casting: Blink (safe; 21% risk of failure)
Confirm with . or Enter, or press ? or * to list all spells.
You miscast Blink.
You are very lightly contaminated with residual magic.
Nothing appears to happen.
The orc completely misses you. The orc closely misses you. The worm misses you.
Unknown command.
Okay, then.
Casting: Blink (safe; 21% risk of failure)
Confirm with . or Enter, or press ? or * to list all spells.
You blink.
Natasha howls an incantation.
You feel troubled.
As you read the scroll labelled RYIFAT XUMIRCH, it crumbles to dust.
It is a scroll of identify.
e - 2 scrolls of enchant weapon The adder bites you. x2
You are poisoned.
The adder poisons you!
Casting: Blink (safe; 21% risk of failure)
Confirm with . or Enter, or press ? or * to list all spells.
You blink.
You feel sick. The orc hits you with a +0 dagger.
As you read the scroll labelled ICAPHUOBIE, it crumbles to dust.
It is a scroll of brand weapon.
Really abort (and waste the scroll)?
Okay, then.
You feel sick. The ogre hits you with a +0 giant club!
Natasha barely misses you. The orc hits you with a +0 dagger.
Your magical contamination has completely faded away.
Unknown command.
As you read the scroll labelled SOW QESSOFAXO, it crumbles to dust.
Your body is wracked with pain!
The orc convulses!
The adder convulses!
The ogre convulses!
Natasha convulses!
The worm convulses!
The orc convulses! x2
It was a scroll of torment.
You feel sick. Natasha claws you. The ogre misses you.
The orc barely misses you. The adder barely misses you.
A ball python comes into view.
Natasha closely misses you. The worm bites you!
* * * LOW HITPOINT WARNING * * *
The ogre hits you with a +0 giant club!!
You die...

##........# ##.h.....<.#
### #.......O..# ##.# ###
..#..........# ##..####...
...........###
#...#....... ##......####
###...........
####.....####.............
###.........S..........
##S......@o..........
.......wOho.........
###.....oW..........
#.................
#.................
##................
#...............# ....#
#...............# .....
#...............#


You could see a phantom, an ogre, a worm, Natasha, an adder, 3 orcs and a ball
python (wandering).

Vanquished Creatures
  A water moccasin (D:5)
  An ogre (D:6)
  A gnoll sergeant (D:5)
  A howler monkey (D:6)
  A centaur skeleton (D:4)
  A bullfrog skeleton (D:5)
  An orc wizard (D:4)
  8 gnolls
  A howler monkey skeleton (D:4)
  3 adders
  2 shadow imps
  An adder skeleton (D:2)
  A worm (D:2)
  2 dart slugs
  2 orcs
  7 ball pythons
  5 endoplasms
  7 giant cockroaches
  10 goblins
  2 hobgoblins
  12 jackals
  2 quokkas
  5 bats
  4 frilled lizards
  9 kobolds
  4 rats
94 creatures vanquished.

Notes
Turn   | Place    | Note
-------+----------+-------------------------------------------
     0 | D:1      | zazu2006 the Naga Hedge Wizard began the quest for the Orb.
     0 | D:1      | Reached XP level 1. HP: 15/15 MP: 4/4
   265 | D:1      | Reached XP level 2. HP: 22/22 MP: 3/6
  1045 | D:1      | Reached XP level 3. HP: 28/28 MP: 6/8
  1049 | D:1      | Learned a level 3 spell: Mephitic Cloud
  1053 | D:1      | Learned a level 3 spell: Conjure Flame
  1056 | D:1      | Learned a level 2 spell: Blink
  1653 | D:2      | You fall into a shaft and drop 1 floor!
  1653 | D:3      | Found a large runed translucent door.
  1653 | D:3      | Found a large runed translucent door.
  1656 | D:3      | Found a corrupted altar of Lugonu.
  2121 | D:2      | Reached skill level 4 in Spellcasting
  2224 | D:2      | Reached XP level 4. HP: 31/36 MP: 8/10
  2475 | D:2      | Found a faded altar of an unknown god.
  3263 | D:3      | Found a sparkling altar of Nemelex Xobeh.
  3499 | D:3      | You fall into a shaft and drop 3 floors!
  3512 | D:6      | Reached XP level 5. HP: 42/42 MP: 5/11
  3587 | D:6      | Noticed an ogre
  3594 | D:5      | Entered Level 5 of the Dungeon
  3817 | D:5      | Noticed a water moccasin
  3828 | D:5      | Killed a water moccasin
  3829 | D:5      | Reached skill level 5 in Spellcasting
  3829 | D:5      | Reached skill level 1 in Poison Magic
  3829 | D:5      | Reached XP level 6. HP: 25/50 MP: 3/13
  4702 | D:5      | Reached XP level 7. HP: 33/56 MP: 10/15
  5445 | D:3      | Found a one-way gate to the infinite horrors of the Abyss.
  5793 | D:4      | Noticed Natasha
  5936 | D:4      | Reached skill level 1 in Fighting
  5971 | D:4      | Mangled by an ogre

Illustrated notes

Levels and vault maps discovered:
D:1:      dpeg_arrival_stone_temple_mockup, layout_basic,
          minmay_stone_trees_small
D:2:      layout_loops_ring, hellmonk_ecumenical_altar_prayer_group,
          minmay_circle_x
D:3:      due_chaos_kobolds, layout_basic, nemelex_spade_bored_becter,
          minivault_23, kennysheep_generic_room_10
D:4:      minmay_general_purpose_star, layout_cave_pods, minmay_misc_feat_chi,
          uniq_natasha, uniq_menkaure
D:5:      layout_basic, trog_ov_bears_minmay, tgw_sif, serial_shops,
          nicolae_shop_window_shopping
D:6:      layout_cave_pods

Skill      XL: |  1  2  3  4  5  6  7 |
---------------+----------------------+-----
Spellcasting   | 4 5 |  5.5
Conjurations   | 2 3 4 |  4.1
Poison Magic   | 1 2 |  2.8
Stealth        | 4 |  4.1
Fighting       | 1 |  1.0
Dodging        | |  1.9
Shields        | |  0.8
Summonings     | |  1.0
Translocations | |  1.0
Air Magic      | |  0.1

Action                   |  1- 3 |  4- 6 |  7- 9 || total
-------------------------+-------+-------+-------++-------
Melee: Dagger            |     6 |    30 |    18 ||    54
Throw: Boomerang         |       |     1 |       ||     1
 Cast: Magic Dart        |    95 |   117 |    50 ||   262
       Mephitic Cloud    |       |     5 |     7 ||    12
       Blink             |       |       |     4 ||     4
 Abil: Spit Poison       |    14 |    12 |     2 ||    28
  Use: Potion            |       |     4 |       ||     4
       Scroll            |       |       |     3 ||     3
 Stab: Confused          |       |     3 |     4 ||     7
Armor: Robe              |     4 |     7 |     8 ||    19
       Skin              |       |    10 |       ||    10
Dodge: Dodged            |    18 |    29 |    23 ||    70
Block: Buckler           |       |       |     5 ||     5

Table legend: (Time is in decaauts)
 A = Elapsed time spent in this place.
 B = Non-inter-level travel time spent in this place.
 C = Inter-level travel time spent in this place.
 D = Time resting spent in this place.
 E = Time spent auto-exploring this place.
 F = Levels seen in this place.
 G = Mean time per level.
                   A        B        C        D        E       F      G
               +--------+--------+--------+--------+--------+-----+--------+
         Total |   7004 |   6921 |     83 |    846 |   5199 |   6 | 1167.3 |
       Dungeon |   7004 |   6921 |     83 |    846 |   5199 |   6 | 1167.3 |
               +--------+--------+--------+--------+--------+-----+--------+

Top non-repeatable levels by time:
     D:1: 1829 daAuts
     D:2: 1526 daAuts
     D:3: 1419 daAuts
     D:5: 993 daAuts
     D:4: 675 daAuts
     D:6: 560 daAuts
